 Dungeon Crawl Stone Soup version 0.24-a0-84-g25a2d9f (webtiles) character file.

Game seed: 17640508871732971091

298 Dantiko the Cutter (level 6, -1/43 HPs)
             Began as a Halfling Fighter on Feb 7, 2019.
             Was a Follower of Elyvilon.
             Slain by Grinder (4 damage)
             ... on level 4 of the Dungeon.
             The game lasted 00:09:09 (3514 turns).

Dantiko the Cutter (Halfling Fighter)               Turns: 3514, Time: 00:09:09

Health: -1/43      AC:  8    Str: 19    XL:     6   Next: 62%
Magic:  6/6        EV:  6    Int:  6    God:    Elyvilon [*.....]
Gold:   221        SH:  8    Dex: 14    Spells: 5/5 levels left

rFire    . . .     SeeInvis .   a - +2 dagger (freeze)
rCold    . . .     Gourm    .   c - +0 shield
rNeg     . . .     Faith    .   l - +0 chain mail
rPois    .         Spirit   .   (no helmet)
rElec    .         Reflect  .   (no cloak)
rCorr    .         Harm     .   (no gloves)
MR       .....                  (no boots)
Stlth    ..........             o - amulet of magic regeneration
HPRegen  0.14/turn              (no ring)
MPRegen  0.35/turn              (no ring)

@: heavily drained
A: small, mutation resistance 1
a: Lesser Healing, Divine Protection, Renounce Religion


You were on level 4 of the Dungeon.
You worshipped Elyvilon.
Elyvilon was aware of your devotion.
You were not hungry.

You visited 1 branch of the dungeon, and saw 4 of its levels.

You collected 221 gold pieces.

Inventory:

Hand Weapons
 a - a +2 dagger of freezing (weapon)
 b - a +0 hunting sling
Missiles
 j - 82 stones (quivered)
 k - 17 sling bullets
Armour
 c - a +0 shield (worn)
 l - a +0 chain mail (worn)
Jewellery
 i - an uncursed ring of fire
 o - an amulet of magic regeneration (around neck)
Wands
 p - a wand of polymorph (3)
Scrolls
 e - 4 scrolls of teleportation
 h - 2 scrolls of fog {unknown}
 m - 3 scrolls of identify {unknown}
 n - 2 scrolls of remove curse {unknown}
 r - a scroll of enchant armour {unknown}
 t - a scroll of random uselessness {unknown}
Potions
 d - 2 potions of might
 g - 2 potions of brilliance {unknown}
 q - a potion of heal wounds {unknown}
 s - a potion of curing {unknown}
Comestibles
 f - 8 rations
 u - 2 chunks of flesh


   Skills:
 - Level 4.0(2.2) Fighting
 - Level 6.2(4.3) Short Blades
 + Level 2.6(0.9) Slings
 - Level 3.2(1.5) Armour
 - Level 3.2(1.5) Shields


You had 5 spell levels left.
You didn't know any spells.
Your spell library was empty.

Dungeon Overview and Level Annotations

Branches:
Dungeon (4/15)
 Temple: D:4-7

Altars:
Dithmenos
Elyvilon
Sif Muna

Annotations:
D:4 Edmund, Grinder


Innate Abilities, Weirdness & Mutations

You are small and have problems with some larger weapons.
You are somewhat resistant to further mutation.


Message History

Grinder hits you but does no damage.
You hit Grinder but do no damage.
Grinder is almost dead.
Grinder hits you.
* * * LOW HITPOINT WARNING * * *
You writhe in agony.
* * * LOW HITPOINT WARNING * * *
You hit Grinder.
Grinder is almost dead.
You block Grinder's attack.
Your shield and chain mail prevent you from hitting Grinder.
Grinder is almost dead.
You block Grinder's attack.
You hit Grinder but do no damage.
Grinder is almost dead.
You block Grinder's attack.
Your shield prevents you from hitting Grinder.
Grinder is almost dead.
Grinder hits you.
You die...

#....# #.≈≈≈ #a...#
#.....# #.≈≈≈ #....#
#.....# #####≈≈≈≈
.....# #.....#
#....≈≈≈≈ .....#
#.....# +....≈≈≈≈
.....+ +.(...#
#...≈≈≈≈≈
......##+#.....#
#...≈≈≈≈≈ #.......((.#
#...≈≈≈≈# #((.(.@5(.(#
#...≈≈≈≈. #....(.....#
#...≈≈≈≈. #!..(......#
#...≈≈≈≈≈ #(.........#
#...≈≈≈≈≈
#.>........####....≈≈≈≈
##########........#≈≈≈≈
#........#≈≈≈≈
#...(....+.≈≈≈
#........88≈≈≈


You could see Grinder.

Vanquished Creatures
  A scorpion (D:4)
  A hound (D:4)
  An orc priest (D:4)
  An orc wizard (D:4)
  2 worker ants (D:4)
  6 adders
  A worm (D:2)
  2 dart slugs
  A leopard gecko (D:4)
  3 orcs (D:4)
  8 bats
  A giant cockroach (D:2)
  8 hobgoblins
  4 jackals (D:3)
  3 kobolds
  A quokka (D:4)
  3 frilled lizards
  4 goblins
  3 rats
54 creatures vanquished.

Notes
Turn   | Place    | Note
-------+----------+-------------------------------------------
     0 | D:1      | Dantiko the Halfling Fighter began the quest for the Orb.
     0 | D:1      | Reached XP level 1. HP: 15/15 MP: 1/1
   261 | D:1      | Reached skill level 3 in Short Blades
   288 | D:1      | Reached XP level 2. HP: 20/20 MP: 2/2
   864 | D:2      | Reached skill level 4 in Short Blades
   864 | D:2      | Reached XP level 3. HP: 21/25 MP: 3/3
  1054 | D:2      | Found a deep blue altar of Sif Muna.
  1176 | D:2      | Reached skill level 5 in Short Blades
  1176 | D:2      | Reached XP level 4. HP: 23/30 MP: 4/4
  1294 | D:2      | Found a white marble altar of Elyvilon.
  1310 | D:2      | Became a worshipper of Elyvilon the Healer
  1558 | D:3      | Found a shadowy altar of Dithmenos.
  2039 | D:3      | Reached * piety under Elyvilon
  2285 | D:4      | Reached XP level 5. HP: 35/35 MP: 5/5
  2642 | D:4      | Reached skill level 6 in Short Blades
  2744 | D:4      | Reached XP level 6. HP: 42/42 MP: 6/6
  3106 | D:4      | Reached skill level 1 in Slings
  3134 | D:4      | Noticed Edmund
  3472 | D:4      | Noticed Grinder
  3481 | D:4      | Paralysed by Grinder for 3 turns
  3491 | D:4      | Paralysed by Grinder for 3 turns
  3506 | D:4      | Paralysed by Grinder for 2 turns
  3514 | D:4      | Slain by Grinder

Levels and vault maps discovered:

Skill      XL: |  1  2  3  4  5  6 |
---------------+-------------------+-----
Short Blades   | 3 4 5 6 |  6.2
Fighting       | 3 4 |  4.0
Slings         | 2 |  2.6
Armour         | |  3.2
Shields        | |  3.2

Action                   |  1- 3 |  4- 6 || total
-------------------------+-------+-------++-------
Melee: Rapier            |    95 |   100 ||   195
       Dagger            |       |    74 ||    74
 Fire: Hunting sling     |       |    19 ||    19
Invok: Divine Protection |       |     1 ||     1
  Use: Scroll            |       |     3 ||     3
  Eat: Chunk             |     1 |     7 ||     8
Armor: Scale mail        |    25 |       ||    25
       Chain mail        |     5 |    82 ||    87
Dodge: Dodged            |    42 |    35 ||    77
Block: Shield            |    44 |    79 ||   123

Table legend:
 A = Non-vault XP
 B = Vault XP
 C = Vault XP percentage of total XP
 D = Non-vault monster count
 E = Vault monster count
 F = Vault count percentage of total count
                 A         B        C        D         E       F
            +---------+---------+-------+---------+---------+-------
      Total |     404 |      22 |   5.2 |      49 |       5 |   9.3
            +---------+---------+-------+---------+---------+-------
        D:1 |      20 |       0 |   0.0 |      12 |       0 |   0.0
        D:2 |      51 |      17 |  25.0 |      14 |       3 |  17.6
        D:3 |      43 |       0 |   0.0 |      12 |       0 |   0.0
        D:4 |     290 |       5 |   1.7 |      11 |       2 |  15.4
            +---------+---------+-------+---------+---------+-------
